 Dungeon Crawl Stone Soup version 0.19.1 (webtiles) character file.

24384 Enish the Nimble (level 13, -3/77 HPs)
             Began as an Octopode Abyssal Knight on Nov 24, 2016.
             Was an Elder of Lugonu.
             Slain by a komodo dragon (36 damage)
             ... on level 6 of the Lair of Beasts.
             The game lasted 01:39:43 (15126 turns).

Enish the Nimble (Octopode Abyssal Knight)         Turns: 15126, Time: 01:39:44

Health: -3/77      AC:  1    Str:  6 (12) XL:     13   Next: 12%
Magic:  7/24       EV: 21    Int: 22 (29) God:    Lugonu [****..]
Gold:   828        SH:  7    Dex: 16      Spells: 6 memorised, 10 levels left

rFire  x . .     SeeInvis +     a - +7 falchion "Grum" {slice, rN++}
rCold  + . .     Gourm    .     q - +0 buckler
rNeg   + + .     Faith    .     (helmet restricted)
rPois  +         Spirit   .     N - amulet of harm
rElec  .         Reflect  .     e - ring of stealth
rCorr  .         Harm     +     U - +5 ring of intelligence
MR     .....                    V - +3 ring of dexterity
Stlth  +++.......               W - ring "Zittuimm" {rF- EV+1 Int+9}
                                r - ring of ice
                                (no ring)
                                (no ring)
                                (no ring)

@: no status effects
A: almost no armour, stealthy swim, amphibious, 8 rings, constrict 8, camouflage
1, see invisible, clumsy 1, deterioration 1, fire resistance 1, poison
resistance, regeneration 1, gelatinous body 1
a: Depart the Abyss, Bend Space, Banish, Corrupt, Renounce Religion


You were on level 6 of the Lair of Beasts.
You worshipped Lugonu.
Lugonu was greatly pleased with you.
You were not hungry.

You visited 2 branches of the dungeon, and saw 17 of its levels.
You visited the Abyss 2 times.
You also visited: Sewer.

You collected 1152 gold pieces.
You spent 324 gold pieces at shops.

Inventory:

Hand Weapons
 a - the +7 falchion "Grum" (weapon) {slice, rN++}
   (You found it on level 7 of the Dungeon)

   It inflicts extra damage upon your enemies.
   It greatly protects you from negative energy.
 v - the +7 long sword of Loyhoke {flame, rF- rC+ MR+}
   (You found it on level 4 of the Lair of Beasts)

   It has been specially enchanted to burn those struck by it, causing extra
   injury to most foes and up to half again as much damage against particularly
   susceptible opponents.
   Big, fiery blades are also staple armaments of hydra-hunters.
   It makes you vulnerable to fire.
   It protects you from cold.
   It affects your resistance to hostile enchantments.
 z - a +2 falchion
 C - a +0 long sword of holy wrath
 P - a +0 falchion of flaming
Missiles
 H - 4 throwing nets (quivered)
Armour
 g - a +5 shield
 q - a +0 buckler (worn)
Jewellery
 e - a ring of stealth (left tentacle)
 r - a ring of ice (on tentacle)
 N - an amulet of harm (around mantle)
 O - a cursed amulet of inaccuracy {unknown}
 Q - a +3 amulet of reflection {unknown}
 R - a cursed amulet of inaccuracy {unknown}
 U - a +5 ring of intelligence (right tentacle)
 V - a +3 ring of dexterity (on tentacle)
 W - the ring "Zittuimm" (on tentacle) {rF- EV+1 Int+9}
   (You acquired it on level 3 of the Lair of Beasts)

   [ring of evasion]

   It affects your evasion (+1).
   It affects your intelligence (+9).
   It makes you vulnerable to fire.
Wands
 d - a wand of random effects (17/48)
 i - a wand of slowing (0/48)
 t - a wand of paralysis (6/24)
 x - a wand of paralysis (0/24)
 y - a wand of iceblast (0/15)
 F - a wand of lightning (0/15)
 S - a wand of slowing (17/48)
Scrolls
 f - 2 scrolls of recharging
 h - 4 scrolls of teleportation
 n - 8 scrolls of remove curse
 s - 7 scrolls of magic mapping
 u - 2 scrolls of random uselessness
 w - 2 scrolls of enchant armour
 B - 5 scrolls of fog
 D - a scroll of identify
 M - a scroll of amnesia
Potions
 j - 6 potions of curing
 k - 4 potions of mutation
 l - 2 potions of haste
 m - 3 potions of resistance
 A - 3 potions of magic
 G - 2 potions of brilliance
 I - a potion of degeneration {unknown}
 K - 3 potions of flight
Books
 o - a book of Beasts

   Spells                             Type                      Level
   a - Summon Butterflies             Summoning                    1
   b - Call Canine Familiar           Summoning                    3
   c - Summon Ice Beast               Ice/Summoning                4
   d - Summon Mana Viper              Hexes/Summoning              5
   e - Summon Hydra                   Summoning                    7
 E - a book of Frost

   Spells                             Type                      Level
   a - Freeze                         Ice                          1
   b - Throw Frost                    Conjuration/Ice              2
   c - Ozocubu's Armour               Charms/Ice                   3
   d - Throw Icicle                   Conjuration/Ice              4
   e - Summon Ice Beast               Ice/Summoning                4
 J - the Tome of Execration
   (You found it on level 7 of the Dungeon)

   Spells                             Type                      Level
   a - Slow                           Hexes                        2
   b - Gell's Gravitas                Hexes/Translocation          3
   c - Summon Guardian Golem          Hexes/Summoning              3
   d - Darkness                       Hexes                        6
 T - a book of Conjurations

   Spells                             Type                      Level
   a - Magic Dart                     Conjuration                  1
   b - Searing Ray                    Conjuration                  2
   c - Dazzling Spray                 Conjuration/Hexes            3
   d - Fulminant Prism                Conjuration/Hexes            4
   e - Iskenderun's Mystic Blast      Conjuration                  4
   f - Iskenderun's Battlesphere      Conjuration/Charms           5
 X - a book of Maledictions

   Spells                             Type                      Level
   a - Corona                         Hexes                        1
   b - Ensorcelled Hibernation        Hexes/Ice                    2
   c - Confuse                        Hexes                        3
   d - Tukima's Dance                 Hexes                        3
   e - Dazzling Spray                 Conjuration/Hexes            3
Comestibles
 b - 8 bread rations
 c - 5 meat rations
 p - 10 fruits
 L - 7 slices of pizza
 Y - 4 chunks of flesh
 Z - a royal jelly


   Skills:
 - Level 3.0 Fighting
 - Level 7.0 Long Blades
 - Level 10.0 Dodging
 - Level 10.0 Shields
 * Level 7.3 Spellcasting
 - Level 2.0 Conjurations
 - Level 2.0 Charms
 - Level 3.0 Summonings
 - Level 10.0 Ice Magic
 - Level 7.5 Invocations
 - Level 4.0 Evocations


You had 10 spell levels left.
You knew the following spells:

 Your Spells              Type           Power        Failure   Level  Hunger
a - Ozocubu's Armour      Chrm/Ice       ######..     1%          3    None
b - Throw Frost           Conj/Ice       ######       1%          2    None
c - Summon Ice Beast      Ice/Summ       ######..     8%          4    ###....
d - Throw Icicle          Conj/Ice       ######..     10%         4    ###....
e - Ensorcelled Hibernat  Hex/Ice        #####.       1%          2    None
f - Summon Butterflies    Summ           ###.....     2%          1    None


Dungeon Overview and Level Annotations

Branches:
Dungeon (11/15)            Temple (0/1) D:5            Lair (6/6) D:9
  Swamp (0/4) Lair:3       Spider (0/4) Lair:4          Orc (0/2) D:9
  Slime: Lair:5-6

Altars:
Cheibriados
Dithmenos
Elyvilon
Gozag
Kikubaaqudgha
Nemelex Xobeh
Qazlal
Ru
Sif Muna
Trog
Uskayaw
Vehumet
Yredelemnul
Zin
The Shining One

Shops:
D:4 ?   D:11 [

Annotations:
D:4 1 runed door
D:5 exclusion: downstairs
D:8 exclusion: downstairs
D:10 exclusion: downstairs
Lair:1 1 exclusion, Philosophy's ghost, journeyman HOFi
Lair:2 exclusion: downstairs
Lair:3 exclusions: 2 downstairs and 1 more exclusion
Lair:5 exclusions: downstairs and 1 more exclusion
Abyss:1 Nergalle


Innate Abilities, Weirdness & Mutations

You cannot wear most types of armour.
You are very stealthy in the water. (Stealth+)
You are amphibious.
You can wear up to eight rings at the same time.
You can use your tentacles to constrict eight enemies at once.
Your skin changes colour to match your surroundings (Stealth+).
Your rubbery body absorbs attacks. (AC +1, EV +1)
You have supernaturally acute eyesight. (SInv)
You are clumsy. (Dex -2)
Your body sometimes deteriorates upon taking damage.
Your flesh is heat resistant. (rF+)
Your system is resistant to poisons. (rPois)
Your natural rate of healing is unusually fast.


Message History

The eight-headed hydra completely misses you.
You riposte.
The wyvern hisses angrily.
The elephant trumpets!
The spiny frog gives a loud, deep croak!
You hit the eight-headed hydra.
The eight-headed hydra is lightly wounded.
You block the eight-headed hydra's attack.
The eight-headed hydra closely misses you.
The eight-headed hydra bites you!
You block the eight-headed hydra's attack.
The eight-headed hydra misses you.
The eight-headed hydra completely misses you.
You block the eight-headed hydra's attack.
The komodo dragon bites you.
The eight-headed hydra barely misses you.
The eight-headed hydra bites you but does no damage.
The eight-headed hydra bites you! x2
The eight-headed hydra barely misses you. x2
The eight-headed hydra bites you. x2; The komodo dragon bites you!!
You die...

##......≈. ≈≈
.#.......P##≈≈#
#........≈≈#≈≈#
..........≈≈P
.........P≈≈
..........#
.........≈##≈≈#
.......@.≈≈P≈≈#
......Dl..PP≈≈#
.(.....Y.≈##≈P#
..........# #
......lF.≈≈
..........≈P
#........≈##≈
..........# ≈≈


You could see an eight-headed hydra, an elephant, a komodo dragon, a spiny frog
and a wyvern.

Vanquished Creatures
  A death yak (Lair:4)
  2 elephants
  3 black mambas
  5 spiny frogs
  2 komodo dragons
  A tyrant leech (Lair:3)
  A hornet (Lair:5)
  A blink frog (Lair:4)
  A dream sheep (D:8)
  3 hippogriffs
  35 yaks
  2 wyverns
  A basilisk (Lair:4)
  A hungry ghost (D:9)
  A warg (D:9)
  8 water moccasins
  3 porcupines
  2 ice beasts
  An orc warrior (D:9)
  4 sky beasts
  6 ogres
  3 phantoms
  6 wolves
  2 centaurs
  9 crocodiles
  2 big kobolds (D:8)
  16 bullfrogs
  A gnoll sergeant (D:6)
  A water moccasin zombie (D:9)
  4 scorpions
  A water moccasin skeleton (D:9)
  A wight (D:7)
  3 howler monkeys
  A lava snake (Lair:5)
  4 hounds
  A quasit (D:7)
  3 orc priests
  3 bullfrog skeletons
  A gnoll shaman (D:6)
  A centaur skeleton (D:4)
  2 iguanas (D:8)
  7 orc wizards
  9 hell rats (Lair:4)
  5 worker ants
  2 hound zombies
  Robin (D:2)
  A worker ant zombie (D:8)
  35 gnolls
  A howler monkey skeleton (D:7)
  19 adders
  24 river rats
  2 shadow imps (D:5)
  A white imp (Abyss:1)
  2 oozes (D:2)
  2 adder zombies
  An adder skeleton (D:7)
  2 worms
  8 leopard geckos
  29 orcs
  8 ball pythons
  7 giant cockroaches
  7 hobgoblins
  34 jackals
  9 quokkas
  8 bats
  11 frilled lizards
  13 goblins
  3 kobolds
  2 quokka skeletons
  2 quokka zombies
  46 rats
  2 butterflies (Lair:5)
  A plant (D:5)
453 creatures vanquished.

Vanquished Creatures (collateral kills)
  2 elephants (Lair:4)
  A black mamba (Lair:3)
  A spiny frog (Lair:5)
  A rime drake (Lair:6)
  A tyrant leech (Lair:3)
  7 dream sheep (Lair:5)
  4 blink frogs (Lair:4)
  9 yaks
  A swamp worm (Lair:3)
  2 porcupines
  2 crocodiles (Lair:6)
  A bullfrog (Lair:3)
32 creatures vanquished.

Vanquished Creatures (others)
  A hydra (Lair:3)
  The ghost of Philosophy the Cleaver, a novice HOFi of Okawaru (D:7)
  A torpor snail (Lair:3)
  A rime drake (Lair:4)
  2 komodo dragons (Lair:3)
  A troll (D:9)
  A polar bear (Lair:4)
  2 hippogriffs
  A dream sheep (D:8)
  A wyvern (Lair:3)
  2 yaks (Lair:2)
  2 orc warriors
  A sky beast (D:6)
  2 phantoms
  A black bear (D:8)
  2 ogres
  A centaur (D:7)
  An electric eel (Lair:3)
  2 wights
  7 fungi
  8 plants
41 creatures vanquished.

Grand Total: 526 creatures vanquished

Notes
Turn   | Place    | Note
-------+----------+-------------------------------------------
     0 | Abyss:1  | Enish the Octopode Abyssal Knight began the quest for the Orb.
     0 | Abyss:1  | Reached XP level 1. HP: 16/16 MP: 2/2
   153 | Abyss:1  | Noticed a large abomination
   157 | Abyss:1  | Noticed a sixfirhy
   157 | Abyss:1  | Noticed a freezing wraith
   158 | D:1      | Escaped the Abyss
   259 | D:1      | Reached * piety under Lugonu
   371 | D:1      | Reached XP level 2. HP: 21/21 MP: 3/3
   617 | D:1      | Reached XP level 3. HP: 25/26 MP: 4/4
  1086 | D:2      | Noticed Robin
  1095 | D:2      | Gained mutation: Your natural rate of healing is unusually fast. [potion of mutation]
  1095 | D:2      | Gained mutation: Your body sometimes deteriorates upon taking damage. [potion of mutation]
  1099 | D:2      | Reached XP level 4. HP: 13/31 MP: 5/5
  1101 | D:2      | Reached ** piety under Lugonu
  1288 | D:2      | Found a sparkling altar of Nemelex Xobeh.
  1383 | D:2      | Killed Robin
  1461 | D:3      | Reached skill level 5 in Dodging
  1474 | D:3      | Reached XP level 5. HP: 34/36 MP: 6/6
  1534 | D:3      | Found a basalt altar of Yredelemnul.
  1821 | D:3      | Found a hide-covered altar of Uskayaw.
  2009 | D:4      | Found a snail-covered altar of Cheibriados.
  2029 | D:4      | Reached skill level 1 in Shields
  2038 | D:4      | Reached XP level 6. HP: 34/42 MP: 7/7
  2054 | D:4      | Found a runed door.
  2055 | D:4      | Found a glowing silver altar of Zin.
  2055 | D:4      | Noticed an angel
  2492 | D:4      | Found Duthrem's Magic Scroll Shop.
  2500 | D:4      | Bought a scroll of blinking for 97 gold pieces
  2500 | D:4      | Bought a scroll of identify for 26 gold pieces
  2500 | D:4      | Bought a scroll of magic mapping for 45 gold pieces
  2500 | D:4      | Bought 3 scrolls of identify for 78 gold pieces
  2500 | D:4      | Bought a scroll of remove curse for 39 gold pieces
  2500 | D:4      | Bought a scroll of remove curse for 39 gold pieces
  2540 | D:5      | Entered Level 5 of the Dungeon
  2553 | D:5      | Found a deep blue altar of Sif Muna.
  2564 | D:5      | Reached *** piety under Lugonu
  2681 | D:5      | Found a sparkling altar of Nemelex Xobeh.
  2797 | D:5      | Found a sacrificial altar of Ru.
  2799 | D:5      | Noticed an ice beast
  2809 | D:5      | Noticed a sky beast
  2822 | D:5      | Killed an ice beast
  2822 | D:5      | Reached XP level 7. HP: 35/46 MP: 8/8
  2888 | D:5      | Reached skill level 5 in Shields
  2973 | D:5      | Gained mutation: Your system is resistant to poisons. (rPois) [mutagenic meat]
  2974 | D:5      | Gained mutation: You are clumsy. (Dex -2) [mutagenic meat]
  2975 | D:5      | Gained mutation: You have supernaturally acute eyesight. (SInv) [mutagenic meat]
  2976 | D:5      | Gained mutation: Your flesh is heat resistant. (rF+) [mutagenic meat]
  3145 | D:5      | Found a glowing drain.
  3149 | Sewer    | Entered a sewer
  3184 | Sewer    | Reached XP level 8. HP: 51/52 MP: 10/10
  3275 | Sewer    | Reached **** piety under Lugonu
  3463 | Sewer    | Reached skill level 5 in Invocations
  3653 | D:5      | Found a staircase to the Ecumenical Temple.
  4671 | D:6      | Reached XP level 9. HP: 35/56 MP: 14/14
  4874 | D:6      | Reached skill level 5 in Long Blades
  5009 | D:6      | Reached ***** piety under Lugonu
  5195 | Abyss:1  | Noticed a sixfirhy
  5284 | Abyss:1  | Noticed a starcursed mass
  5302 | Abyss:1  | Found a corrupted altar of Lugonu.
  5353 | Abyss:1  | Noticed a lich
  5373 | Abyss:1  | Noticed a worldbinder
  5399 | Abyss:1  | Noticed a wretched star
  5432 | Abyss:1  | Noticed a starcursed mass
  5502 | Abyss:1  | Found a hide-covered altar of Uskayaw.
  5521 | D:6      | Escaped the Abyss
  5729 | D:6      | Found an opulent altar of Gozag.
  5729 | D:6      | Found a white marble altar of Elyvilon.
  5729 | D:6      | Found a bloodstained altar of Trog.
  5730 | D:6      | Found a radiant altar of Vehumet.
  5733 | D:6      | Found an ancient bone altar of Kikubaaqudgha.
  5734 | D:6      | Found a stormy altar of Qazlal.
  5890 | D:7      | Reached skill level 1 in Evocations
  6277 | D:7      | Lost strength.
  6327 | D:8      | Lost strength.
  6700 | D:8      | Reached XP level 10. HP: 15/63 MP: 14/14
  6733 | D:8      | Noticed a three-headed hydra
  7125 | D:8      | Found a shadowy altar of Dithmenos.
  7383 | D:7      | Identified the Tome of Execration
  7462 | D:7      | Got a twisted falchion
  7480 | D:7      | Identified the +7 falchion "Grum" {slice, rN++} (You found it on level 7 of the Dungeon)
  7703 | D:7      | Noticed Philosophy's ghost (novice HOFi)
  7704 | D:7      | Banished Philosophy's ghost
  7821 | D:7      | Identified a scroll of acquirement
  8316 | D:10     | Entered Level 10 of the Dungeon
  8431 | D:11     | Found Laryt's Antique Armour Shop.
  8431 | D:11     | Noticed a hill giant
  8433 | D:11     | Banished a hill giant
  8434 | D:11     | Noticed a hill giant
  8484 | D:10     | Learned a level 3 spell: Ozocubu's Armour
  8742 | D:9      | Found a staircase to the Orcish Mines.
  8962 | D:9      | Reached XP level 11. HP: 24/67 MP: 16/16
  9158 | D:9      | Reached skill level 10 in Dodging
  9284 | D:9      | Reached skill level 1 in Ice Magic
  9528 | D:9      | Found a staircase to the Lair.
  9539 | Lair:1   | Entered Level 1 of the Lair of Beasts
  9892 | Lair:2   | Reached skill level 1 in Charms
  9922 | Lair:2   | Learned a level 2 spell: Throw Frost
 10080 | Lair:2   | Reached skill level 5 in Ice Magic
 10203 | Lair:2   | Noticed Nergalle
 10205 | Lair:2   | Banished Nergalle
 10325 | Lair:2   | Reached skill level 1 in Spellcasting
 10467 | Lair:1   | Noticed Philosophy's ghost (journeyman HOFi)
 10708 | Lair:2   | Found a radiant altar of Vehumet.
 10722 | Lair:2   | Reached skill level 10 in Shields
 10729 | Lair:2   | Learned a level 4 spell: Summon Ice Beast
 10922 | Lair:3   | Found a staircase to the Swamp.
 10968 | Lair:4   | Noticed a death yak
 10978 | Lair:4   | Reached XP level 12. HP: 49/72 MP: 17/17
 10982 | Lair:4   | Noticed a death yak
 11035 | Lair:4   | Got a pitted long sword
 11036 | Lair:4   | Identified the +7 long sword of Loyhoke {flame, rF- rC+ MR+} (You found it on level 4 of the Lair of Beasts)
 11043 | Lair:4   | Noticed a death yak
 11163 | Lair:3   | Got a pitted bronze ring
 11164 | Lair:3   | Identified the ring "Zittuimm" {rF- EV+1 Int+9} (You acquired it on level 3 of the Lair of Beasts)
 11176 | Lair:3   | Learned a level 4 spell: Throw Icicle
 11337 | Lair:4   | Learned a level 2 spell: Ensorcelled Hibernation
 11564 | Lair:3   | Reached skill level 1 in Conjurations
 11564 | Lair:3   | Reached skill level 1 in Summonings
 11588 | Lair:3   | Noticed a seven-headed hydra
 11590 | Lair:3   | Banished a seven-headed hydra
 12418 | Lair:4   | Found a hole to the Spider Nest.
 12431 | Lair:4   | Noticed a death yak
 12483 | Lair:4   | Killed a death yak
 12763 | Lair:4   | Reached skill level 10 in Ice Magic
 14060 | Lair:5   | Reached skill level 5 in Spellcasting
 14399 | Lair:5   | Found a glowing golden altar of the Shining One.
 14433 | Lair:6   | Entered Level 6 of the Lair of Beasts
 14485 | Lair:5   | Reached XP level 13. HP: 59/77 MP: 0/22
 14833 | Lair:5   | Learned a level 1 spell: Summon Butterflies
 15116 | Lair:5   | Upgraded the game from 0.19.0-26-g9e9c210 to 0.19.1
 15126 | Lair:6   | Slain by a komodo dragon

Skill      XL: |  1  2  3  4  5  6  7  8  9 10 11 12 13 |
---------------+----------------------------------------+-----
Dodging        | 3 4 5 8 9 10 | 10.0
Shields        | 1 4 6 7 9 10 | 10.0
Invocations    | 3 7 |  7.5
Long Blades    | 4 5 7 |  7.0
Evocations     | 4 |  4.0
Ice Magic      | 7 10 | 10.0
Charms         | 2 |  2.0
Spellcasting   | 2 6 7 |  7.3
Conjurations   | 2 |  2.0
Summonings     | 3 |  3.0
Fighting       | |  3.0

Action                   |  1- 3 |  4- 6 |  7- 9 | 10-12 | 13-15 || total
-------------------------+-------+-------+-------+-------+-------++-------
Melee: Falchion          |    54 |   180 |   553 |   820 |     3 ||  1610
       Constrict         |    17 |    39 |   124 |    82 |       ||   262
       Tentacles         |    12 |    37 |   101 |    99 |       ||   249
       Long sword        |       |       |     4 |     5 |       ||     9
 Cast: Throw Frost       |       |       |       |    24 |     5 ||    29
       Ozocubu's Armour  |       |       |       |     3 |       ||     3
       Throw Icicle      |       |       |       |    54 |    14 ||    68
       Summon Ice Beast  |       |       |       |    33 |     6 ||    39
       Ensorcelled Hiber |       |       |       |    11 |       ||    11
Invok: Depart the Abyss  |     1 |       |     1 |       |       ||     2
       Banish            |       |       |     8 |    28 |       ||    36
       Enter the Abyss   |       |       |     1 |       |       ||     1
Evoke: Wand              |       |     2 |    16 |    67 |       ||    85
  Use: Potion            |     3 |     2 |     7 |     7 |       ||    19
       Scroll            |       |    11 |    12 |    15 |       ||    38
 Stab: Sleeping          |     3 |     6 |    11 |    18 |       ||    38
       Paralysed         |       |     5 |    58 |   147 |       ||   210
       Distracted        |       |       |     3 |     2 |       ||     5
       Fleeing           |       |       |       |     1 |       ||     1
  Eat: Chunk             |       |     6 |    21 |    38 |     4 ||    69
       Beef jerky        |       |     1 |       |     4 |       ||     5
       Fruit             |       |       |     2 |    12 |     2 ||    16
       Pizza             |       |       |       |     3 |       ||     3
Armor: Skin              |     8 |    10 |    18 |    43 |     2 ||    81
Dodge: Dodged            |    66 |    88 |   226 |   235 |    14 ||   629
Block: Shield            |       |    16 |   346 |   401 |       ||   763
       Buckler           |       |       |       |     7 |     7 ||    14
       Rpst.: Falchion   |    14 |    24 |    75 |    67 |     4 ||   184
       Long sword        |       |       |     1 |     1 |       ||     2
